 Dungeon Crawl Stone Soup version 0.31-a0-1469-gd420192249 (webtiles) character file.

Game seed: 10525395921406084645

118 silenth the Trooper (level 5, -2/46 (54) HPs)
             Began as an Oni Reaver on Dec 28, 2023.
             Slain by an adder (3 damage)
             ... on level 3 of the Dungeon.
             The game lasted 00:06:30 (2351 turns).

silenth the Trooper (Oni Reaver)                    Turns: 2351, Time: 00:06:31

HP:   -2/46 (54)    AC:  3    Str: 18    XL:     5   Next: 2%
MP:   1/9           EV:  9    Int: 14    God:
Gold: 124           SH:  0    Dex:  7    Spells: 4/10 levels left

rFire   . . .        a - +0 mace
rCold   . . .        (no shield)
rNeg    . . .        b - +0 robe
rPois   .            (helmet restricted)
rElec   .            (no cloak)
rCorr   .            (gloves unavailable)
SInv    .            (boots unavailable)
Will    .....        (no amulet)
Stlth   +            (no ring)
HPRegen 0.27/turn    (no ring)
MPRegen 0.11/turn

%: no passive effects
@: mighty, lethally poisoned (-2 -> -7), heavily drained
A: large, unfitting armour, horns 1, tough skin 1, double potion healing,
drunken brawling
a: no special abilities


You were on level 3 of the Dungeon.
You visited 1 branch of the dungeon, and saw 3 of its levels.

You collected 124 gold pieces.

Inventory:

Hand Weapons
 a - a +0 mace (weapon)
Armour
 b - a +0 robe (worn)
Scrolls
 c - 2 scrolls of revelation {unknown}
 d - 4 scrolls of noise {unknown}
 e - a scroll of amnesia {unknown}
 f - 2 scrolls of poison {unknown}
 h - 3 scrolls of teleportation {unknown}
 i - 2 scrolls of fear {unknown}
 j - 2 scrolls of fog {unknown}
 l - a scroll of immolation {unknown}
 p - 4 scrolls of blinking {unknown}
 q - a scroll of enchant armour {unknown}
 r - a scroll of identify {unknown}
 u - a scroll of enchant weapon {unknown}
Potions
 g - 2 potions of might
 k - a potion of heal wounds {unknown}
 m - a potion of mutation {unknown}
 n - a potion of degeneration {unknown}
 o - 2 potions of cancellation {unknown}
 s - a potion of resistance {unknown}
 t - a potion of curing {unknown}


   Skills:
 + Level 3.8 Fighting
 + Level 3.6 Maces & Flails
 + Level 2.5 Dodging
 + Level 3.2 Spellcasting
 + Level 3.3 Conjurations


You had 4 spell levels left.
You knew the following spells:

 Your Spells              Type           Power      Damage    Failure   Level
a - Kiss of Death         Conj/Necr      24%        2d7       11%         1
b - Momentum Strike       Conj/Tloc      12%        3d8       16%         2
c - Hailstorm             Conj/Ice       6%         3d5       32%         3

Your spell library contained the following spells:

 Spells                   Type           Power      Damage    Failure   Level


Dungeon Overview and Level Annotations

Branches:
Dungeon (3/15)

Altars:


Innate Abilities, Weirdness & Mutations

You are too large for most types of armour.
You have a pair of small horns on your head.
You have tough skin. (AC +1)
You gain doubled healing and magic from potions.
Whenever you drink a healing potion, you attack all around you.


Message History

The adder is moderately wounded.
The adder bites you.
You are poisoned.
The adder poisons you!
You closely miss the adder. Your headbutt misses the adder.
The adder is moderately wounded.
You feel sick. The adder bites you.
You are more poisoned.
The adder poisons you! The adder closely misses you.
Your magical contamination has completely faded away.
You barely miss the adder.
The adder is moderately wounded.
You feel sick. The adder bites you. x2
* * * LOW HITPOINT WARNING * * *
You completely miss the adder.
The adder is moderately wounded.
You feel sick. The adder barely misses you.
You barely miss the adder.
The adder is moderately wounded.
You are no longer robbed of momentum.
You feel sick. The adder bites you.
* * * LOW HITPOINT WARNING * * *
The adder bites you but does no damage.
Okay, then.
You hit the adder.
The adder is moderately wounded.
You feel sick. The adder barely misses you.
It was a potion of might.
You feel very mighty all of a sudden.
You feel sick. The adder bites you.
* * * LOW HITPOINT WARNING * * *
The adder bites you.
* * * LOW HITPOINT WARNING * * *
You are lethally poisoned!
The adder poisons you!
You closely miss the adder.
The adder is moderately wounded.
* * * LOW HITPOINT WARNING * * *
You feel sick. The adder bites you.
You die...

### #.##.### #.##...##
#..###..# .#
##......## .#
#####...##### #.# ###.
#.......####.####
#....
###.###.........#
#...###.###.........#
#.S@..........<...#
#.................#
#....................#
####.............<...#
#.................#
######.############
#.. #.>.


You could see an adder.

Vanquished Creatures
  Natasha (D:3)
  5 adders
  A worm (D:3)
  2 dart slugs
  7 endoplasms
  2 giant cockroaches
  2 hobgoblins (D:1)
  6 ball pythons
  4 bats
  A frilled lizard (D:2)
  4 goblins
  5 kobolds
  5 rats
45 creatures vanquished.

Notes
Turn   | Place    | Note
-------+----------+-------------------------------------------
     0 | D:1      | silenth the Oni Reaver began the quest for the Orb.
     0 | D:1      | Reached XP level 1. HP: 22/22 MP: 3/3
   193 | D:1      | Reached XP level 2. HP: 27/29 MP: 5/5
   229 | D:1      | Reached skill level 3 in Fighting
   229 | D:1      | Reached skill level 2 in Dodging
   717 | D:2      | Reached skill level 3 in Conjurations
   717 | D:2      | Reached XP level 3. HP: 14/34 MP: 7/7
   815 | D:2      | Learned a level 2 spell: Momentum Strike
   819 | D:2      | Learned a level 3 spell: Hailstorm
  1187 | D:2      | Reached skill level 3 in Spellcasting
  1315 | D:2      | Reached XP level 4. HP: 39/40 MP: 8/8
  1354 | D:2      | HP: 3/34 [poisoned by an adder]
  2336 | D:3      | Noticed Natasha
  2343 | D:3      | Killed Natasha
  2344 | D:3      | Reached XP level 5. HP: 24/46 MP: 0/9
  2350 | D:3      | HP: 3/46 [adder (3)]
  2351 | D:3      | HP: 1/46 [poisoned by an adder]
  2351 | D:3      | Slain by an adder

Illustrated notes

Levels and vault maps discovered:
D:1:      minmay_arrival_wavy_path, layout_basic
D:2:      layout_basic, minmay_bisected
D:3:      layout_rooms, shapermc_ecumenical_altar_hornbeckon, nrook_uturn,
          uniq_natasha

Skill      XL: |  1  2  3 |
---------------+----------+-----
Fighting       | 3 |  3.8
Dodging        | 2 |  2.5
Conjurations   | 3 |  3.3
Spellcasting   | 3 |  3.2
Maces & Flails | |  3.6

Action                     |  1- 3 |  4- 6 || total
---------------------------+-------+-------++-------
  Melee: Mace              |    93 |    42 ||   135
         Headbutt          |     6 |     1 ||     7
         Punch             |     1 |     1 ||     2
   Cast: Kiss of Death     |     2 |     1 ||     3
         Momentum Strike   |     1 |     5 ||     6
    Use: Potion            |       |     1 ||     1
 Armour: Robe              |    76 |    39 ||   115
  Dodge: Dodged            |    55 |    22 ||    77

Table legend: (Time is in decaauts)
 A = Elapsed time spent in this place.
 B = Non-inter-level travel time spent in this place.
 C = Inter-level travel time spent in this place.
 D = Time resting spent in this place.
 E = Time spent auto-exploring this place.
 F = Levels seen in this place.
 G = Mean time per level.
                   A        B        C        D        E       F      G
               +--------+--------+--------+--------+--------+-----+--------+
         Total |   2382 |   2337 |     45 |    590 |   1417 |   3 |  794.0 |
       Dungeon |   2382 |   2337 |     45 |    590 |   1417 |   3 |  794.0 |
               +--------+--------+--------+--------+--------+-----+--------+

Top non-repeatable levels by time:
     D:2: 1233 daAuts
     D:1: 710 daAuts
     D:3: 437 daAuts
